 Dungeon Crawl Stone Soup version 0.20.0-15-g7f486f2 (webtiles) character file.

2737 Zhenya24pyc the Basher (level 9, -6/55 HPs)
             Began as a Gargoyle Fighter on June 17, 2017.
             Was an Initiate of Okawaru.
             Mangled by dobroeutro's ghost (9 damage)
             ... on level 8 of the Dungeon.
             The game lasted 00:09:32 (6053 turns).

Zhenya24pyc the Basher (Gargoyle Fighter)           Turns: 6053, Time: 00:09:33

Health: -6/55      AC: 14    Str: 25 (26) XL:     9   Next: 67%
Magic:  9/9        EV:  9    Int:  9      God:    Okawaru [......]
Gold:   372        SH: 11    Dex: 13 (14) Spells: 8/8 levels left

rFire    . . .     SeeInvis .   a - +0 flail
rCold    + . .     Gourm    .   c - +0 shield
rNeg     + . .     Faith    .   b - +0 scale mail
rPois    ∞         Spirit   .   (helmet restricted)
rElec    +         Reflect  .   (no cloak)
rCorr    .         Harm     .   x - +0 pair of gloves of Masochism {rElec Str+4}
MR       .....                  (no boots)
Stlth    ..........             (no amulet)
Regen    0.2/turn               v - +4 ring of dexterity
MPRegen  0.2/turn               r - ring of protection from cold

@: no status effects
A: antennae 1, claws 2, negative energy resistance 1, electricity resistance,
unbreathing, petrification resistance, rot immunity, AC +5
a: Renounce Religion


You were on level 8 of the Dungeon.
You worshipped Okawaru.
Okawaru was noncommittal.
You were not hungry.

You visited 2 branches of the dungeon, and saw 9 of its levels.
You also visited: Ossuary.

You collected 590 gold pieces.
You spent 218 gold pieces at shops.

Inventory:

Hand Weapons
 a - a +0 flail (weapon)
Armour
 b - a +0 scale mail (worn)
 c - a +0 shield (worn)
 x - the +0 pair of gloves of Masochism (worn) {rElec Str+4}
   (You bought it in a shop on level 4 of the Dungeon)

   It affects your strength (+4).
   It insulates you from electricity.
Jewellery
 l - an uncursed ring of stealth {unknown}
 r - a ring of protection from cold (right hand)
 v - a +4 ring of dexterity (left hand)
Wands
 t - a wand of confusion (28/48)
 y - a wand of flame (5/48)
 B - a wand of iceblast (5/15)
 C - a wand of lightning (6/15)
 D - a wand of polymorph (14/24)
Scrolls
 g - 4 scrolls of recharging {unknown}
 h - a scroll of teleportation {unknown}
 j - 2 scrolls of fear {unknown}
 k - 6 scrolls of identify {unknown}
 n - a scroll of magic mapping {unknown}
 q - a scroll of amnesia {unknown}
 s - 4 scrolls of remove curse {unknown}
 u - a scroll of enchant armour {unknown}
 A - a scroll of enchant weapon {unknown}
Potions
 d - a potion of might
 e - a potion of heal wounds {unknown}
 i - a potion of mutation
 p - a potion of degeneration
Comestibles
 f - 3 bread rations
 m - 3 meat rations
 z - a royal jelly


   Skills:
 + Level 5.9 Fighting
 * Level 10.0 Maces & Flails
 + Level 6.1 Armour
 - Level 1.5 Dodging
 + Level 5.9 Shields
 + Level 1.2 Invocations


You had 8 spell levels left.
You didn't know any spells.

Dungeon Overview and Level Annotations

Branches:
Dungeon (8/15)             Temple (1/1) D:6            Lair (0/6) D:8

Altars:
Ashenzari
Cheibriados
Dithmenos
Elyvilon
Fedhas
Gozag
Hepliaklqana
Kikubaaqudgha
Makhleb
Nemelex Xobeh
Okawaru
Qazlal
Ru
Sif Muna
Trog
Uskayaw
Vehumet
Xom
Yredelemnul
Zin
The Shining One

Shops:
D:4 *   D:6 :

Annotations:
D:8 dobroeutro's ghost, novice DsFi


Innate Abilities, Weirdness & Mutations

You are resistant to torment.
Your stone body is resilient. (AC +5)
You are immune to poison.
You resist negative energy. (rN+)
You are resistant to electric shocks. (rElec)
You can survive without breathing.
You are immune to petrification.
You are immune to rotting.
You have a pair of small antennae on your head.
You have very sharp fingernails.


Message History

You are too injured to fight recklessly!
You are too injured to fight recklessly!
You hit dobroeutro's ghost but do no damage.
Dobroeutro's ghost is lightly damaged.
Dobroeutro's ghost barely misses you.
You closely miss dobroeutro's ghost.
Dobroeutro's ghost is lightly damaged.
Dobroeutro's ghost hits you.
* * * LOW HITPOINT WARNING * * *
You closely miss dobroeutro's ghost.
Dobroeutro's ghost is lightly damaged.
Dobroeutro's ghost hits you!
* * * LOW HITPOINT WARNING * * *
You hit dobroeutro's ghost but do no damage.
Dobroeutro's ghost is lightly damaged.
Dobroeutro's ghost hits you but does no damage.
You thump dobroeutro's ghost!
Dobroeutro's ghost is moderately damaged.
Dobroeutro's ghost hits you!
You die...

## #.##...#####.########
#.#............#.#
#.#######........#
#.#.....#.######.#
####.#.....#.# [.#.#
...#.#.....#.# #$#.#
##.#.#.....#.# #.#.#
##'#.......#.#.##.#.####
..........##.#.W@......#
......#......####.#.#.##
......'....... ...#.#.#
......#.....#######.#.#
.............. ..#.#
............## ###.#
##.#.#......# .#
#.#.#......# .#
#.#.#......#


You could see dobroeutro's ghost.

Vanquished Creatures
  The ghost of Ijustatesigmund the Sneak, a novice OpAs of Okawaru (D:6)
  Grinder (D:3)
  The ghost of Zhenya24pyc the Cudgeler, an amateur GrFi of Okawaru (Ossuary)
  A water moccasin (D:5)
  2 phantoms
  An ice beast (D:7)
  An orc warrior (D:7)
  A sky beast (D:4)
  2 ogres
  A centaur (D:6)
  An elf zombie (Ossuary)
  A big kobold (D:7)
  A bullfrog (D:6)
  2 scorpions
  2 water moccasin skeletons
  A centaur zombie (D:6)
  A quasit (D:7)
  A human zombie (Ossuary)
  A centaur skeleton (D:6)
  A jelly (D:6)
  An orc priest (D:4)
  3 hounds
  2 bullfrog skeletons
  2 iguanas
  9 worker ants
  A big kobold zombie (Ossuary)
  A hound skeleton (D:5)
  A worker ant zombie (D:5)
  2 mummies (Ossuary)
  10 adders
  A shadow imp (D:5)
  An ooze (D:1)
  An adder zombie (D:6)
  3 worms
  3 leopard geckos
  11 orcs
  3 giant cockroaches
  4 gnoll zombies (Ossuary)
  A goblin (D:1)
  2 hobgoblins
  2 jackals (D:2)
  4 quokkas
  A ball python (D:7)
  5 bats
  2 frilled lizards
  A goblin zombie (Ossuary)
  4 hobgoblin zombies (Ossuary)
  11 kobolds
  A leopard gecko skeleton (D:5)
  2 orc zombies (Ossuary)
  5 rats
124 creatures vanquished.

Notes
Turn   | Place    | Note
-------+----------+-------------------------------------------
     0 | D:1      | Zhenya24pyc the Gargoyle Fighter began the quest for the Orb.
     0 | D:1      | Reached XP level 1. HP: 14/14 MP: 1/1
   134 | D:1      | Reached XP level 2. HP: 16/19 MP: 2/2
   214 | D:1      | Reached skill level 3 in Maces & Flails
   606 | D:2      | Reached XP level 3. HP: 23/23 MP: 3/3
   746 | D:2      | Reached skill level 4 in Maces & Flails
   890 | D:2      | Reached XP level 4. HP: 28/28 MP: 4/4
  1207 | D:3      | Noticed Grinder
  1210 | D:3      | Paralysed by Grinder for 7 turns
  1241 | D:3      | Paralysed by Grinder for 4 turns
  1259 | D:3      | Paralysed by Grinder for 7 turns
  1267 | D:3      | Killed Grinder
  1267 | D:3      | Reached skill level 6 in Maces & Flails
  1267 | D:3      | Reached XP level 5. HP: 14/32 MP: 5/5
  1267 | D:3      | Reached XP level 6. HP: 16/37 MP: 6/6
  1572 | D:3      | Reached skill level 7 in Maces & Flails
  1748 | D:4      | Reached XP level 7. HP: 36/41 MP: 7/7
  1847 | D:4      | Gained mutation: Your mind is acute. (Int +2) [mutagenic meat]
  1969 | D:4      | Found Tasimeot's Assorted Antiques.
  2165 | D:4      | Reached skill level 8 in Maces & Flails
  2596 | D:5      | Entered Level 5 of the Dungeon
  2845 | D:5      | Reached XP level 8. HP: 37/48 MP: 8/8
  3884 | D:4      | Bought a pair of faintly humming gloves for 218 gold pieces
  3889 | D:4      | Identified the +0 pair of gloves of Masochism {rElec Str+4} (You bought it in a shop on level 4 of the Dungeon)
  3994 | D:6      | Noticed Ijustatesigmund's ghost (novice OpAs)
  4015 | D:6      | Killed Ijustatesigmund's ghost
  4015 | D:6      | Reached skill level 9 in Maces & Flails
  4015 | D:6      | Reached skill level 5 in Armour
  4029 | D:6      | Reached skill level 5 in Fighting
  4036 | D:6      | Reached skill level 5 in Shields
  4050 | D:6      | Reached XP level 9. HP: 50/54 MP: 9/9
  4075 | D:6      | Found Juojexej's Book Emporium.
  4375 | D:6      | Found a staircase to the Ecumenical Temple.
  4382 | Temple   | Entered the Ecumenical Temple
  4485 | Temple   | Became a worshipper of Warmaster Okawaru
  4606 | D:7      | Reached skill level 1 in Dodging
  4856 | D:7      | Found an iron altar of Okawaru.
  4867 | D:7      | Found a sand-covered staircase.
  4877 | Ossuary  | Entered an ossuary
  4877 | Ossuary  | Noticed Zhenya24pyc's ghost (amateur GrFi)
  4885 | Ossuary  | Killed Zhenya24pyc's ghost
  4890 | Ossuary  | Lost mutation: Your mind is acute. (Int +2) [potion of mutation]
  4890 | Ossuary  | Gained mutation: You have sharp fingernails. [potion of mutation]
  4890 | Ossuary  | Gained mutation: You have a pair of small antennae on your head. [potion of mutation]
  4890 | Ossuary  | Gained mutation: You have very sharp fingernails. [potion of mutation]
  5694 | D:7      | Reached skill level 10 in Maces & Flails
  5694 | D:7      | Reached skill level 1 in Invocations
  5863 | D:8      | Found a staircase to the Lair.
  6036 | D:8      | Noticed dobroeutro's ghost (novice DsFi)
  6053 | D:8      | Mangled by dobroeutro's ghost

Skill      XL: |  1  2  3  4  5  6  7  8  9 |
---------------+----------------------------+-----
Maces & Flails | 3 4 6 7 8 9 10 | 10.0
Fighting       | 4 5 |  5.9
Armour         | 5 6 |  6.1
Shields        | 5 |  5.9
Dodging        | 1 |  1.5
Invocations    | 1 |  1.2

Action                   |  1- 3 |  4- 6 |  7- 9 || total
-------------------------+-------+-------+-------++-------
Melee: Flail             |   107 |   113 |   490 ||   710
  Use: Potion            |       |       |     4 ||     4
 Stab: Invisible         |       |       |     1 ||     1
  Eat: Chunk             |       |     3 |    11 ||    14
       Meat ration       |       |       |     1 ||     1
Armor: Scale mail        |    63 |    69 |   172 ||   304
       Skin              |       |       |     6 ||     6
Dodge: Dodged            |    32 |    42 |   125 ||   199
Block: Shield            |    57 |    53 |   238 ||   348
